 Dungeon Crawl Stone Soup version 0.23.2-33-g5129a83184 (webtiles) character file.

Game seed: 599436507393764580

121 Atelerd the Conjurer (level 5, -4/31 HPs)
             Began as an Octopode Venom Mage on July 15, 2019.
             Slain by an ogre
             ... wielding a +0 giant club
              (31 damage)
             ... on level 4 of the Dungeon.
             The game lasted 00:02:48 (3304 turns).

Atelerd the Conjurer (Octopode Venom Mage)          Turns: 3304, Time: 00:02:49

Health: -4/31      AC:  1    Str:  7    XL:     5   Next: 5%
Magic:  3/9        EV: 13    Int: 18    God:
Gold:   124        SH:  0    Dex: 13    Spells: 9/10 levels left

rFire    . . .     SeeInvis .   o - +0 long sword
rCold    . . .     Gourm    .   (no shield)
rNeg     . . .     Faith    .   (helmet restricted)
rPois    .         Spirit   .   (no amulet)
rElec    .         Reflect  .   (no ring)
rCorr    .         Harm     .   (no ring)
MR       .....                  (no ring)
Stlth    +++.......             (no ring)
HPRegen  0.10/turn              (no ring)
MPRegen  0.11/turn              (no ring)
                                (no ring)
                                (no ring)

@: no status effects
A: almost no armour, stealthy swim, amphibious, 8 rings, constrict 8, camouflage
1, gelatinous body 1
a: no special abilities


You were on level 4 of the Dungeon.
You were hungry.

You visited 1 branch of the dungeon, and saw 4 of its levels.

You collected 124 gold pieces.

Inventory:

Hand Weapons
 g - a +0 spear
 o - a +0 long sword (weapon)
Scrolls
 a - 3 scrolls of remove curse {unknown}
 c - 2 scrolls of identify {unknown}
 e - a scroll of blinking {unknown}
 i - 2 scrolls of amnesia {unknown}
 j - a scroll of teleportation {unknown}
 m - a scroll of enchant weapon {unknown}
Potions
 d - a potion of berserk rage {unknown}
 f - a potion of curing
 h - a potion of ambrosia {unknown}
 k - 2 potions of magic {unknown}
 l - 2 potions of agility {unknown}
 n - a potion of might {unknown}
 p - a potion of heal wounds {unknown}
Comestibles
 b - 5 rations


   Skills:
 - Level 2.0 Dodging
 - Level 2.6 Stealth
 + Level 3.1 Spellcasting
 * Level 3.8 Conjurations
 - Level 3.6 Poison Magic


You had 9 spell levels left.
You knew the following spells:

 Your Spells              Type           Power        Failure   Level  Hunger
a - Sting                 Conj/Pois      ###.         3%          1    None

Your spell library contained the following spells:

 Spells                   Type           Power        Failure   Level  Hunger
 Poisonous Vapours        Pois/Air       #.....       12%         2    ##.....
 Mephitic Cloud           Conj/Pois/Air  ##......     17%         3    ###....
 Olgreb's Toxic Radiance  Pois           ###.....     36%         4    ####...
 Venom Bolt               Conj/Pois      ###.......   67%         5    ######.


Dungeon Overview and Level Annotations

Branches:
Dungeon (4/15)
 Temple: D:4-7

Altars:
Dithmenos
Qazlal
Ru
Uskayaw
Zin


Innate Abilities, Weirdness & Mutations

You cannot wear most types of armour.
You are very stealthy in the water. (Stealth+)
You are amphibious.
You can wear up to eight rings at the same time.
You can use your tentacles to constrict eight enemies at once.
Your skin changes colour to match your surroundings (Stealth+).
Your rubbery body absorbs attacks. (AC +1, EV +1)


Message History

Casting: Sting (safe; 3% risk of failure)
Confirm with . or Enter, or press ? or * to list all spells.
Aiming: Sting (safe; 3% risk of failure)
Press: ? - help, Shift-Dir - straight line, f/p - ogre
Aim: an ogre, wielding a +0 giant club (moderately wounded, poisoned)
The sting hits the ogre.
The ogre looks even sicker.
The ogre is moderately wounded.
Casting: Sting (safe; 3% risk of failure)
Confirm with . or Enter, or press ? or * to list all spells.
Aiming: Sting (safe; 3% risk of failure)
Press: ? - help, Shift-Dir - straight line, f/p - ogre
Aim: an ogre, wielding a +0 giant club (moderately wounded, poisoned)
The sting hits the ogre.
The ogre is moderately wounded.
The ogre hits you with a +0 giant club.
You hit the ogre.
The ogre is almost dead.
The ogre hits you with a +0 giant club!!
Ouch! That really hurt!
You die...

####### ##..#..###
#........# #........#
# #####..##..##
....##?$##..##O.#
#..........#.@.#######
#..........#..........
#..........#..<.......
#.........(+...##.....
#############..# .....
#### .... ..


You could see an ogre.

Vanquished Creatures
  A hound (D:4)
  Robin (D:2)
  An adder (D:3)
  An ooze (D:2)
  A worm (D:3)
  A dart slug (D:2)
  A leopard gecko (D:2)
  3 orcs (D:3)
  5 bats
  5 giant cockroaches
  8 hobgoblins
  4 jackals
  A quokka (D:2)
  A ball python (D:2)
  3 frilled lizards
  11 goblins
  2 kobolds
  4 rats
54 creatures vanquished.

Notes
Turn   | Place    | Note
-------+----------+-------------------------------------------
     0 | D:1      | Atelerd the Octopode Venom Mage began the quest for the
                  | Orb.
     0 | D:1      | Reached XP level 1. HP: 11/11 MP: 3/3
   479 | D:1      | Reached XP level 2. HP: 17/17 MP: 5/5
   956 | D:2      | Found a shadowy altar of Dithmenos.
  1024 | D:2      | Noticed Robin
  1035 | D:2      | Killed Robin
  1035 | D:2      | Reached XP level 3. HP: 4/21 MP: 0/6
  1823 | D:2      | Found a glowing silver altar of Zin.
  1923 | D:2      | Reached XP level 4. HP: 24/27 MP: 8/8
  2612 | D:3      | Found a stormy altar of Qazlal.
  2640 | D:3      | Found a hide-covered altar of Uskayaw.
  2643 | D:3      | Found a sacrificial altar of Ru.
  3274 | D:4      | Reached XP level 5. HP: 25/31 MP: 4/9
  3287 | D:4      | Noticed an ogre
  3304 | D:4      | Slain by an ogre

Skill      XL: |  1  2  3  4 |
---------------+-------------+-----
Conjurations   | 2 3 |  3.8
Spellcasting   | 3 |  3.1
Dodging        | |  2.0
Stealth        | |  2.6
Poison Magic   | |  3.6

Action                   |  1- 3 |  4- 6 || total
-------------------------+-------+-------++-------
Melee: Unarmed           |    14 |       ||    14
       Constrict         |    23 |     7 ||    30
       Tentacles         |    15 |     3 ||    18
       Spear             |    74 |    23 ||    97
       Long sword        |       |    14 ||    14
 Cast: Sting             |    17 |    26 ||    43
  Use: Potion            |       |     1 ||     1
 Stab: Sleeping          |     8 |     5 ||    13
  Eat: Chunk             |     3 |     4 ||     7
Armor: Skin              |     2 |     5 ||     7
Dodge: Dodged            |    41 |    30 ||    71
       Rpst.: Long sword |       |     1 ||     1
